 Dungeon Crawl Stone Soup version 0.25-a0-285-gcba6f664f8 (webtiles) character file.

Game seed: 18014381448952146408, levelgen mode: deterministic

79 floatRand the Sneak (level 4, 0/38 HPs)
             Began as a Draconian Assassin on Dec 11, 2019.
             Was an Initiate of Ru.
             Succumbed to Robin's poison
             ... on level 3 of the Dungeon.
             The game lasted 00:02:37 (1823 turns).

floatRand the Sneak (Draconian Assassin)            Turns: 1823, Time: 00:02:38

Health: 0/38       AC:  6    Str: 12 (13) XL:     4   Next: 16%
Magic:  4/4        EV: 17    Int:  9 (11) God:    Ru [......]
Gold:   51         SH:  0    Dex: 17 (19) Spells: 3/3 levels left

rFire    . . .     SeeInvis .   a - +2 dagger
rCold    . . .     Gourm    .   (no shield)
rNeg     . . .     Faith    .   (armour unavailable)
rPois    .         Spirit   .   (helmet restricted)
rElec    .         Reflect  .   b - +0 cloak
rCorr    .         Harm     .   (no gloves)
MR       .....                  (no boots)
Stlth    ++++......             (no amulet)
HPRegen  0.12/turn              (no ring)
MPRegen  0.09/turn              (no ring)

@: agile, lethally poisoned (0 -> -2), flying
A: unfitting armour, cold-blooded, AC +5
a: Renounce Religion


You were on level 3 of the Dungeon.
You worshipped Ru.
Ru was noncommittal.
You were not hungry.

You visited 1 branch of the dungeon, and saw 3 of its levels.

You collected 51 gold pieces.

Inventory:

Hand Weapons
 a - a +2 dagger (weapon)
 j - a +5 dagger of venom
Missiles
 c - 8 poisoned darts (quivered)
 d - 2 curare-tipped darts
Armour
 b - a +0 cloak (worn)
Scrolls
 e - 3 scrolls of identify
 g - a scroll of enchant armour
 h - a scroll of remove curse {unknown}
 i - a scroll of blinking {unknown}
 k - a scroll of enchant weapon {unknown}
 l - a scroll of fear {unknown}
Comestibles
 f - 2 rations


   Skills:
 + Level 3.1 Fighting
 - Level 2.0 Short Blades
 - Level 1.7 Throwing
 + Level 1.9 Dodging
 * Level 4.6 Stealth


You had 3 spell levels left.
You didn't know any spells.
Your spell library was empty.

Dungeon Overview and Level Annotations

Branches:
Dungeon (3/15)

Altars:
Cheibriados
Okawaru
Ru

Annotations:
D:3 2 transporters


Innate Abilities, Weirdness & Mutations

Your plain brown scales are hard. (AC +5)
You cannot fit into any form of body armour.
You are cold-blooded and may be slowed by cold attacks.


Message History

a +0 club; a hobgoblin corpse; a goblin corpse
* * * LOW HITPOINT WARNING * * *
You feel sick.
Items here: ) [[ † a +5 dagger of venom; a +0 animal skin; a +0 helmet the hobgoblin corpse of Robin
j - a +5 dagger of venom Your extra speed is starting to run out.
Okay, then.
You aren't carrying any potions.
As you read the scroll labeled PUIGOP WEIRPH, it crumbles to dust.
It is a scroll of identify.
g - a scroll of enchant armour
* * * LOW HITPOINT WARNING * * *
You feel sick.
* * * LOW HITPOINT WARNING * * *
You feel sick.
You feel yourself slow down.
Found a robe.
You die...

≈...≈.#.# #.
#.#o≈...≈.#.# #.
#.#.≈≈≈≈≈.#.# #.#)
#.#[≈P♣P≈.#(# #.#.
#.#.≈≈≈≈≈.#.# #.#.
#.#.≈...≈5#(# #.#)
#.#.≈...≈5#(# #...
#.####+####.# ##..
#@#P../..P#.# #..
#.#8P.©.P8#.# #..
#.#########.# ##.
#.....©.....#####.
#####...##..†()†..
##.###...#####
#.[.))### #
#####.# #†#


You could see an orc priest (wandering).

Vanquished Creatures
  Robin (D:3)
  An adder (D:2)
  A leopard gecko (D:1)
  An orc (D:3)
  A ball python (D:2)
  A giant cockroach (D:2)
  9 goblins
  9 hobgoblins
  8 jackals
  3 bats
  2 frilled lizards (D:2)
  9 kobolds
  6 rats
52 creatures vanquished.

Notes
Turn   | Place    | Note
-------+----------+-------------------------------------------
     0 | D:1      | floatRand the Draconian Assassin began the quest for the
                  | Orb.
     0 | D:1      | Reached XP level 1. HP: 17/17 MP: 1/1
   136 | D:1      | Reached skill level 1 in Dodging
   460 | D:1      | Reached XP level 2. HP: 18/25 MP: 2/2
   764 | D:1      | Reached skill level 4 in Stealth
  1026 | D:2      | Found an iron altar of Okawaru.
  1058 | D:2      | Reached XP level 3. HP: 16/30 MP: 3/3
  1101 | D:2      | Found a sacrificial altar of Ru.
  1314 | D:2      | Became a worshipper of Ru the Awakened
  1536 | D:2      | Found a snail-covered altar of Cheibriados.
  1682 | D:3      | Found a transporter.
  1702 | D:3      | Found a transporter.
  1706 | D:3      | Noticed Robin
  1776 | D:3      | Killed Robin
  1776 | D:3      | Reached XP level 4. HP: 6/38 MP: 4/4
  1815 | D:3      | HP: 1/38 [poisoned by Robin]
  1823 | D:3      | Succumbed to Robin's poison

Levels and vault maps discovered:
D:1:      minmay_arrival_glassed_features, layout_loops_ring
D:2:      layout_rooms, old_standard_altar, okawaru_metal_pillars_3,
          minmay_misc_feat_cross, nicolae_ru_sacrificial_ziggurat
D:3:      gammafunk_wand_slinger, layout_basic, portal_sewer_entry_e,
          uniq_robin, uniq_natasha

Skill      XL: |  1  2  3 |
---------------+----------+-----
Dodging        | 1 |  1.9
Stealth        | 4 |  4.6
Fighting       | 3 |  3.1
Short Blades   | |  2.0
Throwing       | |  1.7

Action                   |  1- 3 |  4- 6 || total
-------------------------+-------+-------++-------
Melee: Dagger            |   160 |    16 ||   176
       Tailslap          |    21 |     3 ||    24
  Use: Potion            |     1 |     5 ||     6
       Scroll            |       |     1 ||     1
 Stab: Sleeping          |     4 |       ||     4
  Eat: Chunk             |     3 |       ||     3
Armor: Skin              |    59 |     4 ||    63
Dodge: Dodged            |   113 |    10 ||   123

Table legend:
 A = Non-vault XP
 B = Vault XP
 C = Vault XP percentage of total XP
 D = Non-vault monster count
 E = Vault monster count
 F = Vault count percentage of total count
                 A         B        C        D         E       F
            +---------+---------+-------+---------+---------+-------
      Total |      78 |      35 |  31.0 |      40 |      12 |  23.1
            +---------+---------+-------+---------+---------+-------
        D:1 |      21 |       0 |   0.0 |      13 |       0 |   0.0
        D:2 |      44 |       0 |   0.0 |      21 |       0 |   0.0
        D:3 |      13 |      35 |  72.9 |       6 |      12 |  66.7
            +---------+---------+-------+---------+---------+-------
